 Dungeon Crawl Stone Soup version 0.28-a0-1567-g1695149f81 (webtiles) character file.

Game seed: 6474664160336414029

23 hatsuma the Grave Robber (level 2, -3/21 HPs)
             Began as a Palentonga Necromancer on Jan 19, 2022.
             Was a Follower of Hepliaklqana.
             Slain by an adder (4 damage)
             ... on level 2 of the Dungeon.
             The game lasted 00:06:09 (1203 turns).

hatsuma the Grave Robber (Palentonga Necromancer)   Turns: 1203, Time: 00:06:09

Health: -3/21      AC:  4    Str: 11    XL:     2   Next: 75%
Magic:  2/5        EV:  9    Int: 15    God:    Hepliaklqana [*.....]
Gold:   20         SH:  0    Dex: 10    Spells: 3/5 levels left

rFire   . . .      SeeInvis +   b - +0 dagger (elec)
rCold   . . .      Faith    .   (no shield)
rNeg    . . .      Spirit   .   a - +0 robe
rPois   .          Reflect  .   (no helmet)
rElec   .          Harm     .   (no cloak)
rCorr   .          Rampage  .   (no gloves)
Will    .....                   (no barding)
Stlth   +.........              (no amulet)
HPRegen 0.07/turn               (no ring)
MPRegen 0.09/turn               (no ring)

@: lethally poisoned (-3 -> -7)
A: reduced essence, large, rugged brown scales 3, see invisible, deformed body,
roll 1, armoured tail
a: Rolling Charge, Renounce Religion, Recall Ancestor, Ancestor Identity


You were on level 2 of the Dungeon.
You worshipped Hepliaklqana.
Hepliaklqana was aware of your devotion.
You visited 1 branch of the dungeon, and saw 2 of its levels.

You collected 20 gold pieces.

Inventory:

Hand Weapons
 b - a +0 dagger of electrocution (weapon)
Armour
 a - a +0 robe (worn)
Scrolls
 e - a scroll of summoning {unknown}
 f - a scroll of identify {unknown}
 g - a scroll of amnesia {unknown}
Potions
 c - a potion of curing {unknown}
 d - a potion of lignification {unknown}


   Skills:
 + Level 1.7 Fighting
 - Level 1.0 Short Blades
 - Level 1.5 Dodging
 - Level 1.2 Stealth
 - Level 1.0 Unarmed Combat
 - Level 2.0 Spellcasting
 - Level 4.0 Necromancy


You had 3 spell levels left.
You knew the following spells:

 Your Spells              Type           Power      Damage    Failure   Level
a - Pain                  Necr           52%        1d6       4%          1
b - Animate Skeleton      Necr           26%        N/A       4%          1

Your spell library contained the following spells:

 Spells                   Type           Power      Damage    Failure   Level
 Vampiric Draining        Necr           13%        2d6       13%         3
 Animate Dead             Necr           6%         N/A       38%         4
 Agony                    Necr           13%        N/A       75%         5


Dungeon Overview and Level Annotations

Branches:
Dungeon (2/15)

Altars:
Hepliaklqana

Shops:
D:1 (


Innate Abilities, Weirdness & Mutations

Your life essence is reduced to manifest your ancestor. (-10% HP)
You are completely covered in rugged brown scales. (AC +3, +7% HP)
You have supernaturally acute eyesight. (SInv)
Armour fits poorly on your strangely shaped body.
You can roll at nearby foes to attack.
You have a long armoured tail.


Message History

The goblin shouts!
The adder bites Shiptu.
Shiptu is destroyed!
Casting: Pain (safe; 4% risk of failure)
Confirm with . or Enter, or press ? or * to list all spells.
Aiming: Pain (safe; 4% risk of failure)
Press: ? - help, Shift-Dir - straight line, f/p - adder
Aim: an adder (lightly wounded, chance to affect: 76%)
The adder writhes in agony.
You hit the adder.
The adder is severely wounded.
The adder bites you.
You are poisoned.
The adder poisons you!
You miss the adder.
You tail-slap the adder, but do no damage.
The adder is severely wounded.
You feel sick. The adder closely misses you. The adder barely misses you.
You closely miss the adder.
The adder is severely wounded.
You feel sick. The adder bites you but does no damage.
You closely miss the adder.
The adder is severely wounded.
You feel sick. The adder bites you.
You completely miss the adder.
The adder is severely wounded.
You feel sick. The adder bites you but does no damage.
You miss the adder.
The adder is severely wounded.
You feel sick. The adder bites you.
* * * LOW HITPOINT WARNING * * *
The adder bites you.
* * * LOW HITPOINT WARNING * * *
You are lethally poisoned!
The adder poisons you!
You barely miss the adder.
The adder is severely wounded.
* * * LOW HITPOINT WARNING * * *
You feel sick. The adder bites you.
You die...

# #. .. #. ###
..#..##.#
.....gS.####..#
### #@......#
.....##.##....#
......><.....##
##.......#.###
#...#.#...#
###.#. .#.# .
$. ##.# . .## #
.. .


You could see an adder and a goblin.

Vanquished Creatures
  2 ball pythons (D:1)
  A giant cockroach (D:2)
  A goblin (D:1)
  A hobgoblin (D:1)
  A quokka (D:1)
  5 bats (D:1)
  2 frilled lizards (D:1)
  4 kobolds (D:1)
  3 rats (D:1)
20 creatures vanquished.

Vanquished Creatures (collateral kills)
  A hobgoblin (D:1)
  A ball python (D:1)
  A frilled lizard (D:1)
  A rat (D:1)
4 creatures vanquished.

Vanquished Creatures (others)
  An ancestor (D:2)
1 creature vanquished.

Grand Total: 25 creatures vanquished

Notes
Turn   | Place    | Note
-------+----------+-------------------------------------------
     0 | D:1      | hatsuma the Palentonga Necromancer began the quest for the
                  | Orb.
     0 | D:1      | Reached XP level 1. HP: 13/13 MP: 3/3
   103 | D:1      | Learned a level 1 spell: Animate Skeleton
   314 | D:1      | Reached skill level 1 in Fighting
   494 | D:1      | Reached skill level 1 in Unarmed Combat
   528 | D:1      | Reached XP level 2. HP: 21/22 MP: 3/5
   805 | D:1      | Found a faded altar of an unknown god.
   822 | D:1      | Prayed at the altar of an unknown god.
   822 | D:1      | Became a worshipper of Hepliaklqana the Forgotten
   822 | D:1      | Reached * piety under Hepliaklqana
   911 | D:1      | Reached skill level 1 in Short Blades
   987 | D:1      | Found Qycell's Weapon Shop.
  1203 | D:2      | HP: 1/21 [poisoned by an adder]
  1203 | D:2      | Slain by an adder

Illustrated notes

Levels and vault maps discovered:
D:1:      dpeg_arrival_rhombus, layout_basic,
          dreamdust_ecumenical_altar_statues, serial_shops, nicolae_diamond_shop
D:2:      layout_basic

Skill      XL: |  1  2 |
---------------+-------+-----
Fighting       | 1 |  1.7
Unarmed Combat | 1 |  1.0
Short Blades   | 1 |  1.0
Dodging        | |  1.5
Stealth        | |  1.2
Spellcasting   | |  2.0
Necromancy     | |  4.0

Action                   || total
-------------------------++-------
Melee: Unarmed           ||    22
       Tailslap          ||     4
       Dagger            ||    20
 Cast: Pain              ||    26
       Animate Skeleton  ||     2
Invok: Ancestor Identity ||     1
 Abil: Rolling Charge    ||     5
Armor: Robe              ||    16
Dodge: Dodged            ||    22

Table legend: (Time is in decaauts)
 A = Elapsed time spent in this place.
 B = Non-inter-level travel time spent in this place.
 C = Inter-level travel time spent in this place.
 D = Time resting spent in this place.
 E = Time spent auto-exploring this place.
 F = Levels seen in this place.
 G = Mean time per level.
                   A        B        C        D        E       F      G
               +--------+--------+--------+--------+--------+-----+--------+
         Total |   1201 |   1196 |      5 |    244 |    773 |   2 |  600.5 |
       Dungeon |   1201 |   1196 |      5 |    244 |    773 |   2 |  600.5 |
               +--------+--------+--------+--------+--------+-----+--------+

Top non-repeatable levels by time:
     D:1: 1180 daAuts
     D:2: 21 daAuts
